Map: Ever Dream LE

Players

Vanya - Winner!

  • Race: Zerg Zerg
  • League: Master
  • Spawn Location: 7:00

LiquidMaNa (MaNa)

  • Race: Protoss Protoss
  • League: Grandmaster
  • Spawn Location: 1:00

Event: DreamHack SC2 Masters 2020 Summer Europe

VOD

Have the link to the VOD?

Description

Time

  • Played on: July 10, 2020, 9:41 a.m.
  • Length: 5:20

All games in this series

Show
View Real Time Build Order
Export as new Build Order

Vanya Zerg - Winner!

Build Orders: Hatch First 

Get SALT Encoding   

  12  0:00  Drone  
  13  0:12  Overlord  
  13  0:16  Drone  
  14  0:31  Drone  
  15  0:39  Drone x2  
  17  0:51  Hatchery  
  17  0:55  Drone  
  17  1:00  Drone  
  17  1:03  Extractor  
  17  1:14  Spawning Pool  
  17  1:17  Drone  
  17  1:22  Drone  
  18  1:29  Drone  
  19  1:39  Drone  
  20  1:50  Overlord  
  20  2:00  Queen  
  22  2:04  Queen  
  22  2:05  Zergling x4  
  22  2:08  Metabolic Boost  
  26  2:12  Zergling x2  
  26  2:14  Zergling x2  
  28  2:24  Zergling x2  
  29  2:33  Zergling x2  
  30  2:39  Hatchery  
  30  2:43  Zergling x4  
  31  2:52  Overlord  
  31  2:53  Zergling x2  
  32  2:58  Zergling x2  
  32  2:59  Zergling x2  
  35  3:05  Zergling x2  
  35  3:10  Overlord  
  35  3:14  Zergling x6  
  35  3:15  Zergling x2  
  39  3:23  Zergling x6  
  42  3:31  Overlord  
  42  3:35  Zergling x4  
  42  3:43  Zergling x2  
  42  3:47  Zergling x2  
  39  3:56  Zergling x12  
  45  4:06  Zergling x8  
  46  4:12  Zergling x2  
  46  4:13  Zergling x2  
  46  4:16  Zergling x2  
  49  4:23  Zergling x2  
  49  4:24  Zergling x4  
  47  4:34  Zergling x8  
  47  4:45  Zergling x8  
  43  4:53  Zergling x4  
  43  4:56  Overlord  
  43  5:00  Zergling x4  
Show
View Real Time Build Order
Export as new Build Order

LiquidMaNa Protoss 

Build Orders: 1 Gate Expand 

Get SALT Encoding   

  12  0:00  Probe  
  13  0:12  Probe  
  14  0:18  Pylon  
  14  0:24  Probe  
  15  0:32  Probe  
  15  0:40  Probe  
  15  0:42  Gateway  
  16  0:49  Assimilator  
  17  0:51  Probe  
  18  1:03  Probe  
  19  1:15  Probe  
  20  1:27  Nexus  
  20  1:34  Cybernetics Core  
  20  1:37  Probe  
  21  1:45  Assimilator  
  21  1:49  Probe  
  21  1:53  Pylon  
  22  2:01  Adept, Probe  
  23  2:12  Warp Gate  
  23  2:14  Probe  
  26  2:22  Stalker, Twilight Council  
  26  2:26  Probe  
  27  2:36  Probe  
  29  2:38  Probe  
  31  2:44  Probe  
  31  2:51  Robotics Facility  
  32  2:54  Probe x2  
  34  3:06  Adept  
  34  3:07  Gateway  
  36  3:17  Probe x2  
  38  3:33  Gateway x2  
  38  3:38  Immortal  
  38  3:41  Gateway  
  38  3:44  Shield Battery  
  40  4:00  Zealot  
  30  4:11  Shield Battery  
  30  4:20  Pylon  
  27  4:31  Adept  
  27  4:36  Adept  
Tags
 
Add a new tag
Caveats
  • Supply blocks, unpowered buildings, or Contaminate may cause inaccurate times.
  • Supply counts are checked every 10 seconds.